 Dungeon Crawl Stone Soup version 0.30-a0-272-gf98c3da03f (webtiles) character file.

Game seed: 2293377985246609379

28 Lanoc the Trooper (level 2, -2/43 HPs)
             Began as a Troll Fighter on Oct 15, 2022.
             Slain by a gnoll
             ... wielding a +0 whip
              (4 damage)
             ... on level 2 of the Dungeon.
             The game lasted 00:00:51 (286 turns).

Lanoc the Trooper (Troll Fighter)                    Turns: 286, Time: 00:00:52

Health: -2/43      AC:  4    Str: 23    XL:     2   Next: 96%
Magic:  1/1        EV:  8    Int:  4    God:
Gold:   24         SH:  7    Dex:  9    Spells: 1/1 levels left

rFire   . . .      SeeInvis .    e - +2 short sword (speed)
rCold   . . .      Faith    .    c - +0 kite shield
rNeg    . . .      Spirit   .    b - +0 robe
rPois   .          Reflect  .    (helmet restricted)
rElec   .          Harm     .    (no cloak)
rCorr   .          Rampage  .    (gloves unavailable)
Will    .....                    (boots unavailable)
Stlth   ..........               (no amulet)
HPRegen 1.07/turn                (no ring)
MPRegen 0.07/turn                (no ring)

@: berserking, very quick
A: large, unfitting armour, claws 3, regeneration 1, shaggy fur 1, tough skin 1
a: no special abilities


You were on level 2 of the Dungeon.
You visited 1 branch of the dungeon, and saw 2 of its levels.

You collected 24 gold pieces.

Inventory:

Hand Weapons
 a - a +0 flail
 e - a +2 short sword of speed (weapon)
Armour
 b - a +0 robe (worn)
 c - a +0 kite shield (worn)
Potions
 d - a potion of might


   Skills:
 + Level 2.9 Fighting
 - Level 1.8 Maces & Flails
 + Level 2.9 Dodging
 - Level 2.7 Shields


You had one spell level left.
You didn't know any spells.
Your spell library was empty.

Dungeon Overview and Level Annotations

Branches:
Dungeon (2/15)

Altars:
Dithmenos


Innate Abilities, Weirdness & Mutations

You are too large for most types of armour.
You have claws for hands.
Your natural rate of healing is unusually fast.
You are covered in fur. (AC +1)
You have tough skin. (AC +1)


Message History

The gnoll closely misses you.
You hit the gnoll.
You kill the gnoll!
You hit the gnoll.
The gnoll is moderately wounded.
You block the gnoll's attack.
You closely miss the gnoll.
The gnoll is moderately wounded.
You block the gnoll's attack.
You hit the gnoll.
The gnoll is heavily wounded.
You hit the gnoll but do no damage.
The gnoll is heavily wounded.
The gnoll barely misses you.
You hit the gnoll.
The gnoll is severely wounded.
The gnoll hits you with a +0 whip.
You closely miss the gnoll.
The gnoll is severely wounded.
The gnoll hits you with a +0 whip.
* * * LOW HITPOINT WARNING * * *
You completely miss the gnoll.
The gnoll is severely wounded.
The gnoll hits you with a +0 whip!
* * * LOW HITPOINT WARNING * * *
It was a potion of berserk rage.
A red film seems to cover your vision as you go berserk!
You feel yourself moving faster!
You feel mighty! The gnoll barely misses you.
You closely miss the gnoll.
The gnoll is severely wounded.
You barely miss the gnoll.
The gnoll is severely wounded.
The gnoll hits you with a +0 whip.
* * * LOW HITPOINT WARNING * * *
You hit the gnoll.
You kill the gnoll!
The gnoll hits you from afar with a +0 spear.
* * * LOW HITPOINT WARNING * * *
The gnoll hits you with a +0 whip.
You die...

##########
#.........
#.#######.
####.##### ###
#........#
##.###.##.###.#
####...##.##.#
#@#
..........##.#
#g#
####...#####..
.g. ##.##
#####.## #.#
#.# #.# #.#
##'## #..
##...## ###
.##.....##


You could see 2 gnolls.

Vanquished Creatures
  2 gnolls (D:2)
  A dart slug (D:1)
  An endoplasm (D:1)
  A giant cockroach (D:2)
  A kobold (D:1)
  A ball python (D:1)
  A bat (D:1)
8 creatures vanquished.

Notes
Turn   | Place    | Note
-------+----------+-------------------------------------------
     0 | D:1      | Lanoc the Troll Fighter began the quest for the Orb.
     0 | D:1      | Reached XP level 1. HP: 22/22 MP: 0/0
   153 | D:2      | Reached XP level 2. HP: 29/29 MP: 1/1
   203 | D:2      | Found a shadowy altar of Dithmenos.
   281 | D:2      | HP: 1/29 [gnoll/+0 whip (7)]
   286 | D:2      | HP: 2/43 [gnoll/+0 spear (3)]
   286 | D:2      | Slain by a gnoll

Illustrated notes

Levels and vault maps discovered:
D:1:      heliophobic_arrival_ceremonial_halls, layout_basic,
          minmay_door_square, minmay_vboxes
D:2:      layout_loops_corners, basic_altar, nicolae_figureground_pulse

Action                   || total
-------------------------++-------
Melee: Short sword       ||    32
       Flail             ||    10
  Use: Potion            ||     1
Armor: Robe              ||     8
Dodge: Dodged            ||    12
Block: Kite shield       ||    12

Table legend: (Time is in decaauts)
 A = Elapsed time spent in this place.
 B = Non-inter-level travel time spent in this place.
 C = Inter-level travel time spent in this place.
 D = Time resting spent in this place.
 E = Time spent auto-exploring this place.
 F = Levels seen in this place.
 G = Mean time per level.
                   A        B        C        D        E       F      G
               +--------+--------+--------+--------+--------+-----+--------+
         Total |    282 |    263 |     19 |      0 |    182 |   2 |  141.0 |
       Dungeon |    282 |    263 |     19 |      0 |    182 |   2 |  141.0 |
               +--------+--------+--------+--------+--------+-----+--------+

Top non-repeatable levels by time:
     D:1: 147 daAuts
     D:2: 135 daAuts
